 Dungeon Crawl Stone Soup version 0.29-a0-757-g358383bc75 (webtiles) character file.

Game seed: 8126790297992949649

124 porpoise the Trooper (level 5, 0/43 HPs)
             Began as a Merfolk Brigand on July 1, 2022.
             Killed by divine providence
             ... invoked by an orc priest
              (12 damage)
             ... on level 2 of the Dungeon.
             The game lasted 00:06:11 (2994 turns).

porpoise the Trooper (Merfolk Brigand)              Turns: 2994, Time: 00:06:11

Health: 0/43       AC:  6    Str: 13    XL:     5   Next: 8%
Magic:  5/5        EV: 10    Int: 11    God:
Gold:   154        SH:  0    Dex: 15    Spells: 4/4 levels left

rFire   . . .      SeeInvis .   a - +0 trident
rCold   . . .      Faith    .   (no shield)
rNeg    . . .      Spirit   .   p - +0 ring mail
rPois   .          Reflect  .   (no helmet)
rElec   .          Harm     .   c - +0 cloak
rCorr   .          Rampage  .   (no gloves)
Will    .....                   (no boots)
Stlth   ++........              (no amulet)
HPRegen 0.14/turn               (no ring)
MPRegen 0.09/turn               (no ring)

@: no status effects
A: (nimble swimmer 2), mertail
a: no special abilities


You were on level 2 of the Dungeon.
You visited 1 branch of the dungeon, and saw 2 of its levels.

You collected 154 gold pieces.

Inventory:

Hand Weapons
 a - a +0 trident (weapon)
 b - a +0 sling
 g - a +2 dagger
Missiles
 d - 9 poisoned darts (quivered)
 e - 3 curare-tipped darts
Armour
 c - a +0 cloak (worn)
 p - a +0 ring mail (worn)
Jewellery
 m - an amulet of faith
Scrolls
 f - a scroll of amnesia {unknown}
 h - a scroll of enchant armour {unknown}
 i - a scroll of teleportation {unknown}
 j - a scroll of identify {unknown}
 k - a scroll of fog {unknown}
 l - a scroll of acquirement {unknown}
 o - a scroll of summoning {unknown}
Potions
 n - a potion of curing {unknown}


   Skills:
 + Level 4.5 Fighting
 - Level 2.4 Short Blades
 * Level 3.7 Polearms
 - Level 2.0 Throwing
 - Level 1.3 Dodging
 - Level 4.3 Stealth


You had 4 spell levels left.
You didn't know any spells.
Your spell library was empty.

Dungeon Overview and Level Annotations

Branches:
Dungeon (2/15)

Altars:


Innate Abilities, Weirdness & Mutations

((You are very nimble when in or above water. (Stealth+, EV+, Speed+++)))
Your lower body shifts to a powerful aquatic tail in water.


Message History

You hit the orc wizard but do no damage.
The orc wizard is lightly wounded.
The orc priest hits you but does no damage.
The orc wizard points at you and mumbles some strange words.
The puff of flame misses you.
You hit the orc wizard.
The orc wizard is moderately wounded.
The orc priest invokes the aid of Beogh against you.
Pain shoots through your body!
The orc wizard hits you with a +0 dagger.
You hit the orc priest.
The orc priest is moderately wounded.
The orc priest hits you but does no damage.
The orc wizard hits you with a +0 dagger.
You barely miss the orc priest.
The orc priest is moderately wounded.
The orc priest looks encouraged for a moment.
The orc wizard hits you but does no damage.
You closely miss the orc priest.
The orc priest is moderately wounded.
The orc priest hits you with a +0 hand axe.
The orc wizard hits you with a +0 dagger.
You hit the orc priest but do no damage.
The orc priest is moderately wounded.
The orc priest hits you with a +0 hand axe.
The orc wizard closely misses you. The orc hits you with a +0 hand axe.
You hit the orc priest.
The orc priest is severely wounded.
The orc priest hits you but does no damage.
The orc wizard closely misses you. The orc hits you but does no damage.
You barely miss the orc priest. You punch the orc priest.
The orc priest is almost dead.
The orc priest calls upon Beogh to heal the orc wizard.
The orc wizard's wounds heal themselves!
The orc wizard gestures at you while chanting.
You resist with some effort. The orc hits you with a +0 hand axe.
* * * LOW HITPOINT WARNING * * *
The orc priest invokes the aid of Beogh against you.
Beogh smites you!
You die...

#.####.###.####...###
###.#......#...........
#............. .....###
#####.#.#.####.#.#
#.#.#
#.....#.#.####.#.#
#.#.#
#.#####.#.##....)#
#.#.# #.#
#.#.##)###.###.#.# #.#
#..ooo.# #.......# #.#
###.@#.# #.###.#.# #.#
##.#.....###.#.## #.#
###.###..........# #.##
#...# #.###...#..#
#..#####.### #.#
#.###..# ##.......# #.
#......# ##.####..#
#.###..##..#
##....)#..#
#..........#
#..#'#....#
#####..###.###


You could see an orc priest, an orc wizard and an orc.

Vanquished Creatures
  Jessica (D:2)
  4 adders (D:2)
  4 dart slugs
  3 orcs (D:2)
  5 ball pythons
  3 endoplasms
  3 giant cockroaches
  5 goblins
  4 hobgoblins
  4 jackals (D:1)
  A kobold (D:1)
  A quokka (D:2)
  3 bats
  4 frilled lizards
  6 rats
51 creatures vanquished.

Notes
Turn   | Place    | Note
-------+----------+-------------------------------------------
     0 | D:1      | porpoise the Merfolk Brigand began the quest for the Orb.
     0 | D:1      | Reached XP level 1. HP: 16/16 MP: 1/1
   189 | D:1      | Reached XP level 2. HP: 16/23 MP: 2/2
   667 | D:1      | Found a faded altar of an unknown god.
   667 | D:1      | Noticed a chaos spawn
   873 | D:1      | Reached XP level 3. HP: 30/30 MP: 3/3
  1593 | D:2      | Reached skill level 1 in Polearms
  1666 | D:2      | Noticed Jessica
  1672 | D:2      | Killed Jessica
  1673 | D:2      | Reached XP level 4. HP: 37/37 MP: 4/4
  2715 | D:2      | Reached XP level 5. HP: 24/43 MP: 5/5
  2994 | D:2      | Killed from afar by an orc priest

Illustrated notes

Levels and vault maps discovered:
D:1:      elethiomel_arrival_infinity_welcomes_careful_drivers, layout_basic,
          dreamdust_ecumenical_altar_sealed_demon, minmay_unequal
D:2:      cheibrodos_pilgrimage, layout_loops_ring, minmay_divided_ellipse,
          uniq_jessica

Skill      XL: |  1  2  3  4 |
---------------+-------------+-----
Fighting       | 3 4 |  4.5
Polearms       | 2 3 |  3.7
Short Blades   | |  2.4
Throwing       | |  2.0
Dodging        | |  1.3
Stealth        | |  4.3

Action                   |  1- 3 |  4- 6 || total
-------------------------+-------+-------++-------
Melee: Dagger            |    47 |       ||    47
       Punch             |     2 |     2 ||     4
       Spear             |    29 |    62 ||    91
       Trident           |       |    23 ||    23
 Fire: Sling             |    18 |    26 ||    44
 Stab: Sleeping          |     4 |     1 ||     5
Armor: Robe              |     8 |       ||     8
       Leather armour    |    17 |    12 ||    29
       Ring mail         |       |    11 ||    11
Dodge: Dodged            |    40 |    24 ||    64

Table legend: (Time is in decaauts)
 A = Elapsed time spent in this place.
 B = Non-inter-level travel time spent in this place.
 C = Inter-level travel time spent in this place.
 D = Time resting spent in this place.
 E = Time spent auto-exploring this place.
 F = Levels seen in this place.
 G = Mean time per level.
                   A        B        C        D        E       F      G
               +--------+--------+--------+--------+--------+-----+--------+
         Total |   2997 |   2955 |     42 |   1246 |   1252 |   2 | 1498.5 |
       Dungeon |   2997 |   2955 |     42 |   1246 |   1252 |   2 | 1498.5 |
               +--------+--------+--------+--------+--------+-----+--------+

Top non-repeatable levels by time:
     D:1: 1559 daAuts
     D:2: 1437 daAuts
